 Dungeon Crawl Stone Soup version 0.28.0-45-g0d030f2227 (webtiles) character file.

Game seed: 1036232056604589168

199 Pemander the Gusty (level 5, -4/28 HPs)
             Began as a Tengu Air Elementalist on Apr 8, 2022.
             Slain by Ijyb
             ... wielding a +5 club
              (5 damage)
             ... while paralysed by Ijyb
             ... on level 4 of the Dungeon.
             The game lasted 00:04:49 (2819 turns).

Pemander the Gusty (Tengu Air Elementalist)         Turns: 2819, Time: 00:04:50

Health: -4/28      AC:  2    Str:  9    XL:     5   Next: 77%
Magic:  5/12       EV:  2    Int: 17    God:
Gold:   146        SH:  0    Dex: 14    Spells: 9/12 levels left

rFire   . . .      SeeInvis .   e - +1 dagger (venom)
rCold   . . .      Faith    .   (no shield)
rNeg    . . .      Spirit   .   a - +0 robe
rPois   .          Reflect  .   (helmet restricted)
rElec   .          Harm     .   (no cloak)
rCorr   .          Rampage  .   (no gloves)
Will    .....                   (boots unavailable)
Stlth   ++........              (no amulet)
HPRegen 0.09/turn               (no ring)
MPRegen 0.13/turn               (no ring)

@: paralysed, flying quickly and evasively, quick
A: beak, talons 3, nimble flight
a: no special abilities


You were on level 4 of the Dungeon.
You visited 1 branch of the dungeon, and saw 4 of its levels.

You collected 146 gold pieces.

Inventory:

Hand Weapons
 e - a +1 dagger of venom (weapon)
Armour
 a - a +0 robe (worn)
Jewellery
 k - a ring of fire
Scrolls
 d - 2 scrolls of fear {unknown}
 g - 3 scrolls of identify {unknown}
 h - a scroll of summoning {unknown}
 i - a scroll of fog {unknown}
 j - a scroll of blinking {unknown}
Potions
 b - 2 potions of might {unknown}
 c - a potion of curing {unknown}
 f - 4 potions of heal wounds {unknown}
 l - 2 potions of invisibility {unknown}


   Skills:
 - Level 2.1 Dodging
 - Level 2.0 Stealth
 + Level 4.0 Spellcasting
 - Level 1.4 Conjurations
 - Level 6.4 Air Magic


You had 9 spell levels left.
You knew the following spells:

 Your Spells              Type           Power      Damage    Failure   Level
a - Shock                 Conj/Air       64%        1d7       3%          1
b - Static Discharge      Conj/Air       16%        N/A       4%          2

Your spell library contained the following spells:

 Spells                   Type           Power      Damage    Failure   Level
 Swiftness                Air            25%        N/A       3%          3
 Airstrike                Air            12%        N/A       11%         4
 Blink                    Tloc           6%         N/A       24%         2
 Lesser Beckoning         Tloc           3%         N/A       43%         3
 Manifold Assault         Tloc           3%         N/A       99%         5


Dungeon Overview and Level Annotations

Branches:
Dungeon (4/15)
 Temple: D:4-7

Altars:

Shops:
D:3 *

Annotations:
D:4 Ijyb


Innate Abilities, Weirdness & Mutations

You have a beak for a mouth.
You have claws for feet.
Your magical nature lets you fly swiftly and evasively.


Message History

The hound skeleton is severely damaged.
The lightning grounds out.
The quokka is struck by an arc of lightning.
You kill the quokka!
The hound skeleton is struck by an arc of lightning.
The hound skeleton is almost destroyed.
The lightning grounds out.
The hound skeleton closely misses you.
Casting: Static Discharge (safe; 4% risk of failure)
Confirm with . or Enter, or press ? or * to list all spells.
The hound skeleton is struck by an arc of lightning.
You destroy the hound skeleton!
You are struck by an arc of lightning.
The lightning grounds out.
The worm is struck by an arc of lightning.
The worm is moderately wounded.
The lightning grounds out.
Your Spellcasting skill increases to level 4!
Unknown command.
You reach down and open the door.
Ijyb the Twisted Goblin comes into view.
She is wielding a +5 club and carrying a wand of paralysis (8).
There is an open door here.
Ijyb shouts!
Found 7 gold pieces.
Ijyb zaps a wand.
You suddenly lose the ability to move!
Ijyb zaps a wand.
You resist with some effort. The worm completely misses you.
Ijyb zaps a wand.
You resist with some effort. The worm bites you. The worm bites you!
You can move again.
Unknown command.
Ijyb zaps a wand.
You shrug off the repeated paralysis!
Okay, then.
Ijyb screams, "Me stronger than you!"
Ijyb zaps a wand.
You suddenly lose the ability to move!
Ijyb hits you with a +5 club!
* * * LOW HITPOINT WARNING * * *
The worm completely misses you. Ijyb hits you with a +5 club.
* * * LOW HITPOINT WARNING * * *
Ijyb hits you with a +5 club.
You die...

#.........
#.....#...
#..†..#
############.#
#....$..# #.#
#.......####'#.#
#..............#
#######.g......#
#@w......#
#........#
............
..............
.....####.##....
#...## .# ####
#... . #...


You could see Ijyb and a worm.

Vanquished Creatures
  Menkaure (D:4)
  A hound skeleton (D:4)
  An adder (D:3)
  3 worms
  2 dart slugs
  7 endoplasms
  A giant cockroach (D:2)
  2 goblins
  A hobgoblin (D:2)
  4 kobolds
  3 quokkas
  7 ball pythons
  5 bats
  8 frilled lizards
  A rat (D:1)
47 creatures vanquished.

Notes
Turn   | Place    | Note
-------+----------+-------------------------------------------
     0 | D:1      | Pemander the Tengu Air Elementalist began the quest for the
                  | Orb.
     0 | D:1      | Reached XP level 1. HP: 10/10 MP: 4/4
   315 | D:1      | Reached XP level 2. HP: 15/15 MP: 4/6
   598 | D:1      | Reached skill level 5 in Air Magic
   774 | D:1      | Learned a level 2 spell: Static Discharge
  1099 | D:2      | Reached XP level 3. HP: 9/19 MP: 1/7
  1582 | D:2      | Found a faded altar of an unknown god.
  1918 | D:3      | Reached skill level 6 in Air Magic
  2149 | D:3      | Found Pital's Assorted Antiques.
  2352 | D:3      | Reached XP level 4. HP: 17/24 MP: 1/8
  2689 | D:4      | Noticed Menkaure
  2695 | D:4      | Killed Menkaure
  2696 | D:4      | Gained mutation: Your magical nature lets you fly swiftly
                  | and evasively. [Tengu growth]
  2696 | D:4      | Reached XP level 5. HP: 28/28 MP: 2/11
  2793 | D:4      | Noticed a necrophage
  2802 | D:4      | Noticed Ijyb
  2805 | D:4      | Paralysed by Ijyb for 7 turns
  2816 | D:4      | Paralysed by Ijyb for 4 turns
  2818 | D:4      | HP: 1/28 [Ijyb/+5 club (6)]
  2819 | D:4      | Slain by Ijyb

Illustrated notes

Levels and vault maps discovered:
D:1:      dpeg_arrival_pond, layout_basic
D:2:      layout_loops_cross, shapermc_ecumenical_altar_totnotflames
D:3:      layout_rooms, serial_shops, nicolae_square_shop
D:4:      layout_basic, nicolae_shop_firing_range, uniq_ijyb, uniq_grinder,
          uniq_menkaure, uniq_robin

Skill      XL: |  1  2  3  4  5 |
---------------+----------------+-----
Air Magic      | 5 6 |  6.4
Spellcasting   | 3 4 |  4.0
Dodging        | |  2.1
Stealth        | |  2.0
Conjurations   | |  1.4

Action                   |  1- 3 |  4- 6 || total
-------------------------+-------+-------++-------
Melee: Dagger            |     2 |       ||     2
       Peck              |     1 |       ||     1
 Cast: Shock             |    85 |    17 ||   102
       Static Discharge  |     4 |     4 ||     8
Armor: Robe              |     1 |     1 ||     2
Dodge: Dodged            |     7 |     9 ||    16
